 Dungeon Crawl Stone Soup version 0.29-a0-297-g7659ce593d (webtiles) character file.

Game seed: 10953433251603425428

58 kipponium the Chopper (level 3, -1/43 HPs)
             Began as a Demonspawn Berserker on Mar 20, 2022.
             Was a Believer of Trog.
             Succumbed to a goblin's poison
             ... on level 3 of the Dungeon.
             The game lasted 00:03:46 (2281 turns).

kipponium the Chopper (Demonspawn Berserker)        Turns: 2281, Time: 00:03:47

Health: -1/43      AC:  4    Str: 19    XL:     3   Next: 76%
Magic:  3/3        EV: 12    Int:  8    God:    Trog [**....]
Gold:   96         SH:  0    Dex: 12    Spells: 2/2 levels left

rFire   . . .      SeeInvis .   a - +0 hand axe
rCold   + . .      Faith    .   (no shield)
rNeg    . . .      Spirit   .   b - +0 animal skin
rPois   .          Reflect  .   (helmet restricted)
rElec   .          Harm     .   (no cloak)
rCorr   .          Rampage  .   c - +0 pair of gloves
Will    .....                   e - +0 pair of boots
Stlth   ..........              (no amulet)
HPRegen 0.14/turn               i - ring of protection from cold
MPRegen 0.08/turn               (no ring)

@: berserking, lethally poisoned (-1 -> -20), very quick
A: antennae 1, weakness stinger 1
a: Renounce Religion, Berserk, Trog's Hand


You were on level 3 of the Dungeon.
You worshipped Trog.
Trog was pleased with you.
You visited 1 branch of the dungeon, and saw 3 of its levels.

You collected 96 gold pieces.

Inventory:

Hand Weapons
 a - a +0 hand axe (weapon)
Armour
 b - a +0 animal skin (worn)
 c - a +0 pair of gloves (worn)
 e - a +0 pair of boots (worn)
Jewellery
 i - a ring of protection from cold (left hand)
Wands
 k - a wand of flame (16)
Scrolls
 d - a scroll of immolation {unknown}
 g - a scroll of silence {unknown}
 h - 6 scrolls of identify {unknown}
Potions
 f - a potion of mutation {unknown}
 j - a potion of invisibility {unknown}
 l - a potion of degeneration {unknown}


   Skills:
 - Level 3.0 Fighting
 + Level 4.3 Axes
 - Level 1.7 Armour
 - Level 1.7 Dodging
 + Level 0.3 Evocations


You had 2 spell levels left.
You didn't know any spells.
Your spell library was empty.

Dungeon Overview and Level Annotations

Branches:
Dungeon (3/15)

Altars:


Innate Abilities, Weirdness & Mutations

You have a pair of small antennae on your head.
You have a small tail.


Message History

A goblin comes into view. It is wielding a +0 dagger.
The goblin hits you with a +2 dagger of venom.
A goblin comes into view. It is wielding a +0 club.
The hobgoblin misses you.
You barely miss the goblin. You closely miss the hobgoblin. You hit Robin.
You feel sick. Robin hits you with a +0 dagger.
The goblin hits you with a +2 dagger of venom.
You are more poisoned.
The hobgoblin barely misses you.
You closely miss the goblin. You hit the hobgoblin. You hit Robin.
You feel very sick. Robin throws the goblin at you!
The goblin hits you with a +2 dagger of venom.
You are more poisoned.
The hobgoblin barely misses you.
A goblin and a hobgoblin come into view.
* * * LOW HITPOINT WARNING * * *
You feel very sick.
The goblin shouts!
The hobgoblin shouts!
You closely miss Robin.
Robin is heavily wounded.
You hit the goblin.
* * * LOW HITPOINT WARNING * * *
You feel very sick. Robin throws the goblin at you!
* * * LOW HITPOINT WARNING * * *
The goblin hits you but does no damage.
The goblin unwields a +0 dagger.
The goblin wields a +0 hunting sling.
The goblin shoots a sling bullet.
The sling bullet closely misses you.
You are too berserk!
You slash Robin!
You kill Robin!
Trog accepts your kill.
You slash the hobgoblin!
You kill the hobgoblin!
Trog accepts your kill.
You slash the goblin!
You kill the goblin!
Trog accepts your kill.
You die...

#########
#.......#####
#####.#####.....#
......# #.###.#
###...# #.# #.#
#.#.# #.# #g#
#.#.#
#.###†#######
#.#..
..##.)@)....#
#.##.#
#........###.#
#.# ..
#.##.###gg# #.#
... #. ..# #.# #.
g.# # .## .# ..


You could see a hobgoblin (strong) and 3 goblins.

Vanquished Creatures
  Robin (D:3)
  A worm (D:2)
  A dart slug (D:1)
  8 ball pythons
  3 bats
  6 endoplasms
  3 giant cockroaches
  5 goblins
  9 hobgoblins
  2 jackals (D:1)
  3 frilled lizards
  6 kobolds
  3 rats (D:1)
51 creatures vanquished.

Vanquished Creatures (others)
  A kobold (D:1)
  A ball python (D:1)
2 creatures vanquished.

Grand Total: 53 creatures vanquished

Notes
Turn   | Place    | Note
-------+----------+-------------------------------------------
     0 | D:1      | kipponium the Demonspawn Berserker began the quest for the
                  | Orb.
     0 | D:1      | Reached XP level 1. HP: 18/18 MP: 1/1
   161 | D:1      | Reached skill level 3 in Axes
   413 | D:1      | Discovered your monstrous ancestry.
   413 | D:1      | Gained mutation: You have a pair of small antennae on your
                  | head. [demonic ancestry]
   413 | D:1      | Reached XP level 2. HP: 23/24 MP: 2/2
   534 | D:1      | Found a faded altar of an unknown god.
  1057 | D:1      | You fall into a shaft and drop 1 floor!
  1062 | D:2      | Gained mutation: You have a small tail. [demonic ancestry]
  1062 | D:2      | Reached XP level 3. HP: 29/29 MP: 3/3
  1164 | D:1      | Reached ** piety under Trog
  1629 | D:2      | Reached skill level 4 in Axes
  2269 | D:3      | Noticed Robin
  2280 | D:3      | HP: 2/43 [Robin/goblin (2)]
  2281 | D:3      | Killed Robin
  2281 | D:3      | Succumbed to a goblin's poison

Illustrated notes

Levels and vault maps discovered:
D:1:      dpeg_arrival_stonehenge_12_columns, layout_basic,
          hellmonk_ecumenical_altar_arch_garden, lemuel_flame_loot_1
D:2:      layout_loops_ring, grunt_ministairs_3
D:3:      layout_loops_ring, uniq_robin

Skill      XL: |  1  2  3 |
---------------+----------+-----
Axes           | 3 4 |  4.3
Fighting       | |  3.0
Armour         | |  1.7
Dodging        | |  1.7
Evocations     | |  0.3

Action                   || total
-------------------------++-------
Melee: Hand axe          ||   126
       Tailslap          ||     9
Invok: Berserk           ||     3
Evoke: Wand              ||     2
 Stab: Sleeping          ||     4
       Distracted        ||     1
Armor: Animal skin       ||    21
Dodge: Dodged            ||    76

Table legend: (Time is in decaauts)
 A = Elapsed time spent in this place.
 B = Non-inter-level travel time spent in this place.
 C = Inter-level travel time spent in this place.
 D = Time resting spent in this place.
 E = Time spent auto-exploring this place.
 F = Levels seen in this place.
 G = Mean time per level.
                   A        B        C        D        E       F      G
               +--------+--------+--------+--------+--------+-----+--------+
         Total |   2312 |   2283 |     29 |    793 |   1037 |   3 |  770.7 |
       Dungeon |   2312 |   2283 |     29 |    793 |   1037 |   3 |  770.7 |
               +--------+--------+--------+--------+--------+-----+--------+

Top non-repeatable levels by time:
     D:1: 1409 daAuts
     D:2: 836 daAuts
     D:3: 66 daAuts
